AoeStats
← 布丁

Black Forest

506129001Analyzed
4v4 RM · 21d ago on Sep 12, 2026· 48m 28s· 8 players
Game mode
Random Map
Map size
Large (8 player)
Population
200
Speed
Normal
Resources
Standard
Victory
Conquest
Starting age
Dark Age
Ending age
Imperial Age
RankedLock teamsTeams togetherTeam positionsShared explorationLock speedFull tech treeHidden civsTurbo modeCheats
Victory
Defeat
🇨🇳 Hindustanis · China
849
+15
🇨🇳 Spanish · China
826
+16
🇦🇷 Ethiopians · Argentina
819
+16
🇹🇼 Goths · Taiwan
779
+20
🇳🇱 Italians · Netherlands
860
-18
🇹🇷 Persians · Türkiye
816
-16
🇨🇳 Mongols · China
814
-16
🇧🇪 Berbers · Belgium
777
-35
Sm0k1nG040
13:00 Feudal Age
13:05 Loom
13:09 Loom
17:04 Castle Age
15:09 Double-Bit Axe
15:09 Horse Collar
17:13 Wheelbarrow
18:26 Bow Saw
19:33 Heavy Plow
22:41 Gold Mining
25:48 Stone Mining
28:20 Fletching
28:33 Padded Archer Armor
31:11 Imperial Age
28:57 Hand Cart
30:01 Stone Shaft Mining
29:28 Bodkin Arrow
30:27 Leather Archer Armor
31:18 Crossbowman
33:31 Thumb Ring
33:57 Bracer
34:28 Ring Archer Armor
34:15 Arbalester
36:31 Chemistry
36:09 Ballistics
36:23 Crop Rotation
37:16 Conscription
37:17 Silk Road
37:36 Bombard Tower
39:17 Caravan
41:52 Husbandry
42:02 Bloodlines
41:13 Light Cavalry
42:26 Scale Barding Armor
42:31 Forging
43:45 Hussar
dozy
22:09 Feudal Age
31:46 Double-Bit Axe
36:56 Stone Mining
39:22 Horse Collar
39:50 Gold Mining
Poexs
1:35 Loom
12:34 Feudal Age
13:04 Town Watch
13:56 Wheelbarrow
14:25 Double-Bit Axe
14:22 Horse Collar
20:58 Castle Age
21:52 Caravan
23:05 Bow Saw
23:01 Heavy Plow
25:52 Stone Mining
25:53 Gold Mining
27:45 Pikeman
29:03 Squires
33:34 Kamandaran
34:21 Scale Barding Armor
34:18 Padded Archer Armor
34:52 Bloodlines
34:49 Husbandry
36:46 Gold Shaft Mining
36:49 Stone Shaft Mining
37:40 Thumb Ring
36:59 Crossbowman
37:59 Leather Archer Armor
37:35 Fletching
38:06 Chain Barding Armor
39:32 Ballistics
42:01 Imperial Age
41:32 Bodkin Arrow
Kevin
0:30 Loom
12:06 Feudal Age
13:52 Double-Bit Axe
16:32 Castle Age
14:26 Horse Collar
22:31 Wheelbarrow
21:59 Heavy Plow
26:03 Bow Saw
26:08 Stone Mining
29:12 Stone Shaft Mining
28:28 Gold Mining
29:00 Hand Cart
28:31 Town Watch
28:37 Town Watch
31:08 Town Patrol
32:38 Gold Shaft Mining
35:54 Elite Skirmisher
36:56 Fletching
37:06 Padded Archer Armor
37:55 Thumb Ring
42:08 Imperial Age
42:32 Scale Barding Armor
42:38 Forging
42:23 Bodkin Arrow
42:44 Leather Archer Armor
42:21 Light Cavalry
43:12 Bloodlines
43:02 Husbandry
42:46 Elite Mangudai
43:46 Conscription
44:47 Ballistics
45:28 Chemistry
44:38 Masonry
44:44 Fortified Wall
44:57 Ballistics
44:48 Masonry
45:39 Chemistry
45:13 Parthian Tactics
45:34 Hoardings
626464865
0:49 Loom
1:43 Loom
13:12 Feudal Age
18:38 Castle Age
20:04 Double-Bit Axe
23:20 Scale Barding Armor
24:00 Horse Collar
26:45 Wheelbarrow
26:26 Forging
28:47 Hand Cart
33:43 Husbandry
36:37 Imperial Age
34:21 Gold Mining
34:47 Heavy Plow
35:50 Bow Saw
36:44 Iron Casting
37:41 Chain Barding Armor
36:45 Heavy Camel Rider
37:37 Bloodlines
39:28 Blast Furnace
39:19 Ballistics
40:00 Chemistry
39:40 Gold Shaft Mining
40:19 Conscription
40:03 Grand Trunk Road
40:26 Conscription
40:07 Shatagni
40:29 Town Watch
41:52 Two-Man Saw
40:56 Imperial Camel Rider
42:14 Plate Barding Armor
42:11 Caravan
44:01 Padded Archer Armor
46:55 Leather Archer Armor
zh56956
12:40 Feudal Age
13:05 Double-Bit Axe
13:04 Horse Collar
14:20 Gold Mining
18:33 Castle Age
20:03 Stone Mining
21:14 Wheelbarrow
20:55 Caravan
21:39 Stone Shaft Mining
21:43 Bow Saw
22:33 Heavy Plow
27:16 Hand Cart
31:05 Scale Barding Armor
31:01 Scale Mail Armor
31:12 Forging
35:18 Imperial Age
33:16 Ballistics
33:07 Masonry
35:25 Fletching
35:57 Chain Barding Armor
35:53 Chain Mail Armor
36:13 Iron Casting
35:50 Squires
35:13 Pikeman
36:51 Conscription
35:52 Elite Conquistador
36:10 Capped Ram
37:06 Siege Ram
39:43 Two-Man Saw
39:48 Chemistry
39:18 Architecture
41:04 Padded Archer Armor
41:00 Bodkin Arrow
42:05 Blast Furnace
41:36 Plate Mail Armor
41:42 Plate Barding Armor
42:51 Fortified Wall
49:00 Husbandry
49:13 Bloodlines
48:27 Light Cavalry
sr2
9:19 Loom
11:23 Feudal Age
12:01 Double-Bit Axe
11:58 Horse Collar
19:34 Castle Age
17:56 Fletching
19:41 Crossbowman
20:28 Thumb Ring
20:20 Bodkin Arrow
20:41 Gold Mining
23:51 Wheelbarrow
23:27 Bow Saw
26:36 Ballistics
27:40 Hand Cart
27:36 Heavy Plow
31:00 Gold Shaft Mining
32:20 Town Watch
35:32 Imperial Age
36:04 Arbalester
37:30 Bracer
37:31 Padded Archer Armor
38:34 Chemistry
38:31 Capped Ram
39:13 Stone Mining
39:41 Siege Ram
43:51 Caravan
45:57 Leather Archer Armor
布丁
1:09 Loom
13:32 Feudal Age
15:08 Wheelbarrow
18:07 Castle Age
16:47 Double-Bit Axe
19:15 Hand Cart
18:52 Horse Collar
22:19 Bow Saw
27:18 Gold Mining
27:21 Stone Mining
27:38 Heavy Plow
32:41 Imperial Age
31:30 Pikeman
32:10 Squires
32:16 Anarchy
33:08 Scale Mail Armor
33:19 Forging
34:26 Chemistry
32:54 Halberdier
33:43 Perfusion
34:09 Elite Huskarl
37:38 Chain Mail Armor
38:05 Iron Casting
40:59 Fletching
41:10 Padded Archer Armor
42:10 Blast Furnace
43:38 Conscription
43:53 Ballistics
43:34 Bodkin Arrow
Connection lost

Rejoining the realm…

Still unreachable

The connection could not be restored.

Session expired

The server has moved on; the page needs a fresh start.